 Dungeon Crawl Stone Soup version 0.28.0-53-g5a82cb258f (webtiles) character file.

Game seed: 12643888545906054499

31868 fleeber the Cleaver (level 13, -2/174 HPs)
             Began as a Minotaur Berserker on June 25, 2022.
             Was an Elder of Trog.
             Slain by a spriggan
             ... wielding a +0 rapier
              (12 damage)
             ... on level 5 of the Lair of Beasts on July 2, 2022.
             The game lasted 01:06:21 (20589 turns).

fleeber the Cleaver (Minotaur Berserker)           Turns: 20589, Time: 01:06:22

Health: -2/174     AC: 19    Str: 27    XL:     13   Next: 28%
Magic:  12/12      EV: 10    Int:  4    God:    Trog [****..]
Gold:   727        SH:  8    Dex: 10    Spells: 12/12 levels left

rFire   . . .      SeeInvis .   x - +4 hand axe
rCold   + . .      Faith    .   A - +2 buckler
rNeg    . . .      Spirit   .   u - +2 plate armour {rPois}
rPois   +          Reflect  .   (helmet restricted)
rElec   .          Harm     .   (no cloak)
rCorr   .          Rampage  .   y - +0 pair of gloves
Will    .....                   (no boots)
Stlth   ..........              (no amulet)
HPRegen 0.39/turn               E - ring of protection from cold
MPRegen 0.13/turn               (no ring)

@: berserking (expiring), studying Shields, very quick
A: horns 2, retaliatory headbutt
a: Renounce Religion, Berserk, Trog's Hand, Brothers in Arms


You were on level 5 of the Lair of Beasts.
You worshipped Trog.
Trog was greatly pleased with you.
You visited 2 branches of the dungeon, and saw 15 of its levels.

You collected 727 gold pieces.

Inventory:

Hand Weapons
 x - a +4 hand axe (weapon)
Missiles
 c - 554 stones (quivered)
 g - 12 boomerangs
Armour
 u - a +2 plate armour of poison resistance (worn)
 y - a +0 pair of gloves (worn)
 A - a +2 buckler (worn)
Jewellery
 E - a ring of protection from cold (left hand)
Wands
 h - a wand of acid (18)
 s - a wand of paralysis (4)
 t - a wand of polymorph (18)
 z - a wand of mindburst (4)
 D - a wand of flame (2)
Scrolls
 d - 12 scrolls of identify
 i - 3 scrolls of teleportation {unknown}
 l - 2 scrolls of fog {unknown}
 n - a scroll of enchant weapon {unknown}
 p - a scroll of fear {unknown}
 q - 4 scrolls of blinking {unknown}
 r - 4 scrolls of vulnerability {unknown}
 v - 2 scrolls of brand weapon {unknown}
 B - 3 scrolls of immolation {unknown}
Potions
 a - 2 potions of lignification {unknown}
 b - 3 potions of curing {unknown}
 e - 2 potions of haste {unknown}
 f - 3 potions of magic {unknown}
 j - 6 potions of brilliance {unknown}
 k - 4 potions of heal wounds {unknown}
 m - a potion of degeneration {unknown}
 o - 2 potions of flight {unknown}
 w - 2 potions of might {unknown}
 C - a potion of mutation {unknown}


   Skills:
 * Level 11.4 Fighting
 * Level 14.5 Axes
 * Level 7.1 Throwing
 * Level 13.7 Armour
 * Level 8.1 Dodging
 * Level 10.6 Shields
 * Level 5.6 Evocations


You had 12 spell levels left.
You didn't know any spells.
Your spell library was empty.

Dungeon Overview and Level Annotations

Branches:
Dungeon (10/15)            Temple (0/1) D:7            Lair (4/6) D:10
 Shoals (0/4) Lair:2       Spider (0/4) Lair:2          Orc (0/2) D:10

Altars:
Ashenzari
Ru
Sif Muna
Uskayaw
Zin
The Shining One
Beogh

Annotations:
D:6 2 runed translucent doors
Lair:1 exclusion: oklob plant
Lair:4 1 runed translucent door, Ituc's ghost, journeyman HOFi


Innate Abilities, Weirdness & Mutations

You have a pair of horns on your head.
You reflexively headbutt those who attack you in melee.


Message History

Your ogre's corpse disappears in a puff of smoke!
You miss the basilisk. Your headbutt misses the basilisk.
The basilisk is severely wounded.
You barely miss the spriggan.
The spriggan rider hits you but does no damage.
Unknown command.
You slice the basilisk!!
You kill the basilisk!
Trog accepts your kill.
You miss the spriggan. The spriggan hits you with a +0 rapier.
You slash the spriggan!
You kill the spriggan!
Trog accepts your kill.
The spriggan rider hits you from afar with a +0 spear!
* * * LOW HITPOINT WARNING * * *
The spriggan hits you with a +0 rapier!
* * * LOW HITPOINT WARNING * * *
You barely miss the spriggan. Your headbutt misses the spriggan.
The spriggan rider blocks your attack.
The spriggan rider hits you with a +0 spear.
* * * LOW HITPOINT WARNING * * *
You closely miss the spriggan. You headbutt the spriggan.
The spriggan is moderately wounded.
The spriggan rider blocks your attack. The spriggan misses you.
You barely miss the spriggan.
The spriggan is moderately wounded.
The spriggan rider blocks your attack.
You barely miss the spriggan rider. You slash the spriggan!
The spriggan rider hits you with a +0 spear!
* * * LOW HITPOINT WARNING * * *
The spriggan closely misses you.
You closely miss the spriggan rider. You completely miss the spriggan.
The spriggan rider blocks your attack. x2; You closely miss the spriggan.
The spriggan rider hits you with a +0 spear!
* * * LOW HITPOINT WARNING * * *
You slash the spriggan rider!
Your headbutt misses the spriggan rider.
The spriggan rider is lightly wounded.
You barely miss the spriggan. The spriggan hits you with a +0 rapier!
You die...

.. ♣..♣
♣....♣♣♣♣
♣...).♣♣♣
♣♣♣♣))@i♣
♣♣♣.i.♣
♣♣♣....
♣♣♣... .♣
♣


You could see a spriggan rider and a spriggan.

Vanquished Creatures
  Gastronok (Lair:3)
  Fannar (Lair:2)
  A two-headed ogre (D:6)
  A black mamba (Lair:2)
  15 elephants
  4 centaur zombies
  6 cane toads
  A torpor snail (Lair:2)
  Maggie (D:10)
  A rime drake (Lair:3)
  7 komodo dragons
  2 trolls (D:9)
  13 blink frogs
  2 dream sheep (Lair:2)
  5 spriggans (Lair:5)
  2 wyverns
  48 yaks
  A wraith (D:6)
  5 basilisks
  A vampire mosquito (D:6)
  2 wargs (D:10)
  11 water moccasins
  An acid dragon (D:10)
  3 sky beasts
  6 black bears
  An orc warrior (D:10)
  An ice beast (D:6)
  2 ogres (D:6)
  A hornet zombie (D:8)
  6 centaurs
  15 wolves
  6 bullfrogs
  A kobold brigand (D:10)
  A scorpion (D:5)
  A wyvern zombie (D:9)
  2 water moccasin skeletons
  3 killer bees (D:9)
  4 wights (D:10)
  A howler monkey (D:5)
  A jelly (D:4)
  2 bullfrog zombies
  2 bullfrog skeletons
  5 hounds
  6 orc priests
  A gnoll shaman (D:10)
  3 centaur skeletons
  An iguana (D:6)
  5 orc wizards
  A killer bee zombie (D:5)
  2 hound skeletons
  A howler monkey zombie (D:9)
  5 gnolls (D:10)
  8 adders
  A river rat (D:5)
  2 white imps
  An ufetubus (D:6)
  A worm (D:4)
  6 dart slugs
  36 orcs
  6 ball pythons
  5 bats
  7 endoplasms
  3 giant cockroaches
  5 hobgoblins
  8 jackals
  8 kobolds
  3 quokkas
  2 frilled lizards
  7 goblins
  A quokka skeleton (D:4)
  8 rats
339 creatures vanquished.

Vanquished Creatures (collateral kills)
  A hydra (Lair:3)
  An orc warrior (D:10)
  An orc wizard (D:10)
  An orc (D:10)
  2 kobolds (D:10)
6 creatures vanquished.

Vanquished Creatures (others)
  18 fungi
  21 plants
  2 withered plants (Lair:4)
41 creatures vanquished.

Grand Total: 386 creatures vanquished

Notes
Turn   | Place    | Note
-------+----------+-------------------------------------------
     0 | D:1      | fleeber the Minotaur Berserker began the quest for the Orb.
     0 | D:1      | Reached XP level 1. HP: 19/19 MP: 0/0
   313 | D:1      | Found a faded altar of an unknown god.
   370 | D:1      | Reached XP level 2. HP: 12/27 MP: 1/1
   882 | D:1      | Reached skill level 4 in Axes
  1140 | D:2      | Reached XP level 3. HP: 33/33 MP: 2/2
  1317 | D:2      | Reached ** piety under Trog
  1811 | D:2      | Reached skill level 1 in Throwing
  1811 | D:2      | Reached XP level 4. HP: 40/40 MP: 3/3
  2338 | D:3      | Found a hide-covered altar of Uskayaw.
  2341 | D:3      | Found a sacrificial altar of Ru.
  2757 | D:3      | Reached skill level 5 in Axes
  3039 | D:4      | Reached XP level 5. HP: 47/47 MP: 4/4
  3048 | D:4      | You fall into a shaft and drop 1 floor!
  3048 | D:5      | Entered Level 5 of the Dungeon
  3473 | D:4      | Reached XP level 6. HP: 29/55 MP: 5/5
  3639 | D:4      | Reached skill level 5 in Fighting
  3639 | D:4      | Reached skill level 6 in Axes
  4149 | D:4      | Reached *** piety under Trog
  4643 | D:4      | Reached XP level 7. HP: 57/61 MP: 6/6
  5138 | D:5      | Reached skill level 7 in Axes
  5138 | D:5      | Reached skill level 5 in Armour
  5570 | D:6      | Reached XP level 8. HP: 39/70 MP: 7/7
  5735 | D:6      | Reached skill level 8 in Axes
  5814 | D:6      | Found a shimmering blue altar of Sif Muna.
  6138 | D:6      | Found a large runed translucent door.
  6138 | D:6      | Found a large runed translucent door.
  6141 | D:6      | Noticed a two-headed ogre
  6459 | D:6      | Found a large runed translucent door.
  6459 | D:6      | Found a large runed translucent door.
  6484 | D:6      | Reached **** piety under Trog
  6493 | D:6      | Reached skill level 1 in Evocations
  6881 | D:6      | Found a broken altar of Ashenzari.
  7104 | D:6      | Reached skill level 9 in Axes
  7197 | D:6      | Found a glowing silver altar of Zin.
  7407 | D:6      | Killed a two-headed ogre
  7408 | D:6      | Reached XP level 9. HP: 78/78 MP: 8/8
  7649 | D:7      | Reached skill level 5 in Dodging
  8077 | D:7      | Found a staircase to the Ecumenical Temple.
  8696 | D:8      | Reached skill level 10 in Axes
  9211 | D:9      | Found a glowing golden altar of the Shining One.
  9609 | D:9      | Noticed a troll
  9613 | D:10     | Entered Level 10 of the Dungeon
  9633 | D:10     | Reached XP level 10. HP: 47/86 MP: 9/9
 10365 | D:9      | Reached skill level 11 in Axes
 10422 | D:9      | Reached skill level 5 in Shields
 10590 | D:10     | Found a staircase to the Lair.
 10912 | D:10     | Found a staircase to the Orcish Mines.
 10932 | D:10     | Reached skill level 10 in Armour
 11394 | D:10     | Reached skill level 5 in Throwing
 11763 | D:10     | Noticed Maggie
 11813 | D:10     | Killed Maggie
 12240 | Lair:1   | Entered Level 1 of the Lair of Beasts
 12434 | D:10     | Reached XP level 11. HP: 53/95 MP: 10/10
 13174 | Lair:1   | Reached skill level 12 in Axes
 14449 | Lair:1   | Noticed an oklob plant
 15005 | Lair:2   | Noticed Fannar
 15418 | Lair:2   | Reached skill level 13 in Axes
 15630 | Lair:2   | Found a staircase to the Shoals.
 15930 | Lair:2   | Found a hole to the Spider Nest.
 15963 | Lair:2   | Reached XP level 12. HP: 106/106 MP: 11/11
 16108 | Lair:2   | Killed Fannar
 16508 | Lair:2   | Reached skill level 10 in Fighting
 17087 | Lair:3   | Noticed Gastronok
 17140 | Lair:3   | Killed Gastronok
 17818 | Lair:3   | Noticed a four-headed hydra
 17829 | Lair:3   | Killed a six-headed hydra
 18115 | Lair:3   | Reached skill level 5 in Evocations
 18713 | Lair:3   | Reached skill level 14 in Axes
 19429 | Lair:4   | Reached skill level 10 in Shields
 19440 | Lair:4   | Reached ***** piety under Trog
 19443 | Lair:4   | Reached XP level 13. HP: 110/115 MP: 12/12
 20420 | Lair:4   | Found a runed translucent door.
 20422 | Lair:4   | Noticed Ituc's ghost (journeyman HOFi)
 20546 | Lair:4   | You fall into a shaft and drop 1 floor!
 20589 | Lair:5   | Slain by a spriggan

Illustrated notes

Levels and vault maps discovered:
D:1:      saegor_arrival_simple_a, layout_basic,
          shapermc_ecumenical_altar_mp_highgroup
D:2:      layout_loops_ring, chequers_avenue, minmay_tall_x
D:3:      layout_rooms, minitemple, serial_co_window_serial, co_window_cross_1,
          co_window_paths_b, co_window_paths_b, co_window_paths_a,
          co_window_corner_a, co_window_2corner, co_window_broadway_b,
          co_window_corner_b, nrook_mini_vaults
D:4:      layout_basic, minmay_fractal_squares_gapless_5
D:5:      layout_gridville, portal_sewer_entry_b
D:6:      layout_layer_cave, mainiacjoe_overflow_six_doors_small,
          mainiacjoe_overflow_big_doors, corexii_leaking_fountain,
          minmay_hollow_rounded_squares
D:7:      layout_basic, temple_doors_ab, grunt_decor_one_mirror
D:8:      layout_rooms
D:9:      layout_basic, lemuel_crystal_altar, enter_bailey_2
D:10:     layout_basic, erik_lair_orcish_takeover,
          minmay_orc_entry_temple_small, uniq_maggie
Lair:1:   minmay_lair_oklob_tunnel, layout_cave_shapes, grunt_megastairs_3,
          infiniplex_staircase_pool_2, lemuel_fruit_tree
Lair:2:   layout_gridlike, shoals_dummy_entry, spider_nest_entry_a,
          grunt_megastairs_1, lemuel_fruit_fields, infiniplex_staircase_pool,
          uniq_fannar
Lair:3:   layout_roguey, uniq_gastronok
Lair:4:   layout_misc_corridors, gammafunk_ghost_grave, beast_lair_carwin_5
Lair:5:   kb_forest_paths, layout_regular_city, ldierk_geyser

Skill      XL: |  1  2  3  4  5  6  7  8  9 10 11 12 13 |
---------------+----------------------------------------+-----
Axes           | 4 5 6 7 9 10 11 13 14 | 14.5
Fighting       | 4 5 6 7 8 9 10 11 | 11.4
Throwing       | 1 2 3 4 5 6 7 |  7.1
Armour         | 3 4 5 7 9 10 11 13 | 13.7
Dodging        | 3 4 5 6 7 8 |  8.1
Evocations     | 1 2 3 4 5 |  5.6
Shields        | 2 4 5 8 10 | 10.6

Action                   |  1- 3 |  4- 6 |  7- 9 | 10-12 | 13-15 || total
-------------------------+-------+-------+-------+-------+-------++-------
Melee: Hand axe          |    81 |   121 |   208 |   783 |   143 ||  1336
       Headbutt          |     6 |    23 |    39 |   194 |    35 ||   297
       Punch             |     1 |     3 |     4 |     2 |       ||    10
Throw: Stone             |       |    15 |     4 |    14 |     5 ||    38
Invok: Berserk           |       |     1 |     2 |     9 |     1 ||    13
       Brothers in Arms  |       |       |     1 |     2 |     1 ||     4
       Trog's Hand       |       |       |     1 |     1 |     1 ||     3
  Use: Scroll            |       |       |       |     1 |       ||     1
 Stab: Distracted        |       |       |     1 |       |       ||     1
Armor: Animal skin       |     7 |       |       |       |       ||     7
       Leather armour    |     8 |     8 |       |       |       ||    16
       Ring mail         |       |    32 |       |       |       ||    32
       Scale mail        |       |       |    31 |       |       ||    31
       Plate armour      |       |       |    95 |   461 |    61 ||   617
Dodge: Dodged            |    51 |    67 |   110 |   275 |    50 ||   553
Block: Buckler           |       |       |       |   208 |    37 ||   245
